 Dungeon Crawl Stone Soup version 0.23.1 (webtiles) character file.

Game seed: 0

102 Lucius1202 the Caller (level 4, -3/30 HPs)
             Began as a Merfolk Summoner on Mar 17, 2019.
             Slain by a goblin (4 damage)
             ... led by Robin
             ... on level 2 of the Dungeon.
             The game lasted 00:22:00 (1338 turns).

Lucius1202 the Caller (Merfolk Summoner)            Turns: 1338, Time: 00:22:01

Health: -3/30      AC:  2    Str:  8    XL:     4   Next: 78%
Magic:  7/8        EV: 13    Int: 15    God:
Gold:   86         SH:  0    Dex: 14    Spells: 2/8 levels left

rFire    . . .     SeeInvis .   m - +0 scythe
rCold    . . .     Gourm    .   (shield currently unavailable)
rNeg     . . .     Faith    .   a - +0 robe
rPois    .         Spirit   .   (no helmet)
rElec    .         Reflect  .   (no cloak)
rCorr    .         Harm     .   (no gloves)
MR       .....                  (no boots)
Stlth    ++........             (no amulet)
HPRegen  0.10/turn              (no ring)
MPRegen  0.11/turn              (no ring)

@: no status effects
A: change form in water, swift swim, stealthy swim
a: no special abilities


You were on level 2 of the Dungeon.
You were not hungry.

You visited 1 branch of the dungeon, and saw 2 of its levels.

You collected 86 gold pieces.

Inventory:

Hand Weapons
 h - a +0 club
 m - a +0 scythe (weapon)
Missiles
 b - 42 stones (quivered)
 i - 15 poisoned needles
 j - 14 sling bullets
Armour
 a - a +0 robe (worn)
 n - a +0 robe
Scrolls
 d - 2 scrolls of identify {unknown}
 g - a scroll of remove curse {unknown}
Potions
 e - 3 potions of agility {unknown}
 f - a potion of resistance {unknown}
 l - a potion of curing {unknown}
Comestibles
 c - 4 rations
 k - 2 chunks of flesh


   Skills:
 + Level 0.1 Fighting
 + Level 0.1 Maces & Flails
 + Level 3.4 Dodging
 + Level 2.4 Stealth
 + Level 1.0 Unarmed Combat
 + Level 2.8 Spellcasting
 + Level 5.0 Summonings


You had 2 spell levels left.
You knew the following spells:

 Your Spells              Type           Power        Failure   Level  Hunger
a - Summon Small Mammal   Summ           ###.         2%          1    #......
b - Call Imp              Summ           ###.....     4%          2    ##.....
c - Call Canine Familiar  Summ           ###.....     8%          3    ###....

Your spell library contained the following spells:

 Spells                   Type           Power        Failure   Level  Hunger
 Summon Guardian Golem    Hex/Summ       #.......     22%         3    ###....
 Summon Ice Beast         Ice/Summ       #.......     58%         4    #####..
 Summon Lightning Spire   Summ/Air       #.......     58%         4    #####..


Dungeon Overview and Level Annotations

Branches:
Dungeon (2/15)

Altars:

Annotations:
D:2 Robin


Message History

You see here a cursed +0 club.
Robin throws the goblin at you!
You closely miss the goblin. The goblin hits you with a +0 dagger.
The goblin hits you. The goblin hits you but does no damage.
The goblin barely misses you. Robin closely misses you.
You barely miss the goblin. The goblin hits you but does no damage.
The goblin hits you.
Robin's horned helmet rattles.
The goblin barely misses you. The goblin closely misses you.
You closely miss the goblin. The goblin barely misses you. The goblin hits you.
* * * LOW HITPOINT WARNING * * *
The goblin misses you. The goblin hits you.
* * * LOW HITPOINT WARNING * * *
Robin hits you from afar with a +0 spear.
* * * LOW HITPOINT WARNING * * *
You hit the goblin.
The goblin is heavily wounded.
The goblin closely misses you. The goblin barely misses you.
The goblin closely misses you. The goblin hits you.
You die...

#....# g# #....#
g# #....# g#
#[...### .#
+...... $#
#..>..# .#
#.....########.#
#.......g@ggg.#
#.##.##########
# ##.###
##+#....#
#.....#.#
#.....#.#
+.......#
#.....### ....
##'#..#


You could see Robin and 3 goblins.

Vanquished Creatures
  A bat (D:1)
  A giant cockroach (D:2)
  A goblin (D:2)
  A hobgoblin (D:1)
  A kobold (D:1)
  A rat (D:1)
6 creatures vanquished.

Vanquished Creatures (collateral kills)
  Sigmund (D:2)
  A shadow imp (D:2)
  A leopard gecko (D:1)
  2 bats
  5 goblins
  A ball python (D:1)
  A kobold (D:1)
  3 rats
15 creatures vanquished.

Grand Total: 21 creatures vanquished

Notes
Turn   | Place    | Note
-------+----------+-------------------------------------------
     0 | D:1      | Lucius1202 the Merfolk Summoner began the quest for the
                  | Orb.
     0 | D:1      | Reached XP level 1. HP: 13/13 MP: 3/3
   463 | D:1      | Reached XP level 2. HP: 15/19 MP: 1/5
   467 | D:1      | Learned a level 2 spell: Call Imp
  1233 | D:2      | Noticed Sigmund
  1269 | D:2      | Killed Sigmund
  1269 | D:2      | Reached skill level 1 in Unarmed Combat
  1269 | D:2      | Reached skill level 5 in Summonings
  1269 | D:2      | Reached XP level 3. HP: 11/24 MP: 1/7
  1269 | D:2      | Reached XP level 4. HP: 14/30 MP: 1/8
  1299 | D:2      | Learned a level 3 spell: Call Canine Familiar
  1330 | D:2      | Noticed Robin
  1337 | D:2      | HP: 1/30 [Robin/+0 spear (6)]
  1338 | D:2      | Slain by a goblin

Skill      XL: |  1  2 |
---------------+-------+-----
Dodging        | 3 |  3.4
Unarmed Combat | 1 |  1.0
Summonings     | 5 |  5.0
Fighting       | |  0.1
Maces & Flails | |  0.1
Stealth        | |  2.4
Spellcasting   | |  2.8

Action                   |  1- 3 |  4- 6 || total
-------------------------+-------+-------++-------
Melee: Unarmed           |    11 |       ||    11
       Club              |     6 |       ||     6
       Scythe            |       |     5 ||     5
Throw: Stone             |     6 |       ||     6
 Cast: Summon Small Mamm |    13 |       ||    13
       Call Imp          |    14 |     1 ||    15
 Stab: Distracted        |     1 |       ||     1
  Eat: Chunk             |     2 |     1 ||     3
Armor: Robe              |     2 |     1 ||     3
Dodge: Dodged            |    19 |    10 ||    29
